 Dungeon Crawl Stone Soup version 0.22.1-1-ga44c0e56f4 (webtiles) character file.

1103 Cykl0x the Shield-Bearer (level 8, 0/48 HPs)
             Began as a Gargoyle Fighter on Oct 31, 2018.
             Slain by a quokka (5 damage)
             ... summoned by Eustachio
             ... on level 5 of the Dungeon.
             The game lasted 00:14:58 (3877 turns).

Cykl0x the Shield-Bearer (Gargoyle Fighter)         Turns: 3877, Time: 00:14:58

Health: 0/48       AC:  0    Str: 21    XL:     8   Next: 32%
Magic:  8/8        EV:  6    Int:  9    God:
Gold:   287        SH: 10    Dex: 10    Spells: 7/7 levels left

rFire    . . .     SeeInvis .   a - +0 war axe
rCold    . . .     Gourm    +   c - +0 shield
rNeg     + . .     Faith    .   k - +0 chain mail
rPois    ∞         Spirit   .   h - +0 helmet
rElec    +         Reflect  .   (no cloak)
rCorr    .         Harm     .   (no gloves)
MR       .....                  (no boots)
Stlth    ..........             l - amulet of the gourmand
HPRegen  0.16/turn              (no ring)
MPRegen  0.11/turn              (no ring)

@: corroded
A: negative energy resistance 1, electricity resistance, unbreathing,
petrification resistance, rot immunity, AC +5
a: no special abilities


You were on level 5 of the Dungeon.
You were not hungry.

You visited 1 branch of the dungeon, and saw 5 of its levels.
You also visited: Sewer.

You collected 287 gold pieces.

Inventory:

Hand Weapons
 a - a +0 war axe (weapon)
Missiles
 b - 162 stones (quivered)
Armour
 c - a +0 shield (worn)
 h - a +0 helmet (worn)
 k - a +0 chain mail (worn)
Jewellery
 l - an amulet of the gourmand (around neck)
 u - a cursed -3 ring of evasion {unknown}
Wands
 i - a wand of flame (15)
Scrolls
 e - 4 scrolls of identify
 g - 3 scrolls of teleportation
 m - a scroll of remove curse
 r - a scroll of noise {unknown}
Potions
 d - 4 potions of might
 j - 2 potions of flight
 n - a potion of brilliance
 o - a potion of mutation
 p - 2 potions of curing {unknown}
 q - 2 potions of agility {unknown}
 s - a potion of berserk rage {unknown}
 t - 2 potions of heal wounds {unknown}
 v - a potion of resistance {unknown}
 w - a potion of cancellation {unknown}
 x - a potion of magic {unknown}
Comestibles
 f - 11 rations


   Skills:
 + Level 4.9 Fighting
 + Level 5.6 Axes
 + Level 5.4 Armour
 + Level 1.5 Dodging
 + Level 0.6 Stealth
 + Level 6.2 Shields


You had 7 spell levels left.
You didn't know any spells.
Your spell library contained the following spells:

 Spells                   Type           Power        Failure   Level  Hunger
 Animate Skeleton         Necr           N/A          100%        1    ##.....
 Freeze                   Ice            #...         100%        1    ##.....
 Pain                     Necr           #...         100%        1    ##.....
 Throw Frost              Conj/Ice       #.....       100%        2    ###....
 Ozocubu's Armour         Chrm/Ice       #.......     100%        3    ####...
 Regeneration             Chrm/Necr      #.........   100%        3    ####...
 Vampiric Draining        Necr           #.........   100%        3    ####...
 Animate Dead             Necr           N/A          100%        4    #####..
 Summon Ice Beast         Ice/Summ       #.......     100%        4    #####..
 Throw Icicle             Conj/Ice       #.......     100%        4    #####..


Dungeon Overview and Level Annotations

Branches:
Dungeon (5/15)
 Temple: D:4-7

Altars:
Ru
Vehumet

Annotations:
D:5 Eustachio


Innate Abilities, Weirdness & Mutations

You are resistant to torment.
Your stone body is resilient. (AC +5)
You are immune to poison.
You resist negative energy. (rN+)
You are resistant to electric shocks. (rElec)
You can survive without breathing.
You are immune to petrification.
You are immune to rotting.


Message History

You slash the centaur skeleton!
The centaur skeleton is heavily damaged.
You completely miss the quokka. You block the quokka's attack.
You block the centaur skeleton's attack.
The quokka bites you. The centaur skeleton hits you!
* * * LOW HITPOINT WARNING * * *
You slash the centaur skeleton!
The centaur skeleton is almost destroyed.
You closely miss the quokka.
The quokka twitches its whiskers.
You block the quokka's attack. The centaur skeleton barely misses you.
You hit the centaur skeleton but do no damage.
The centaur skeleton is almost destroyed.
You closely miss the quokka. The quokka bites you.
* * * LOW HITPOINT WARNING * * *
The centaur skeleton hits you.
* * * LOW HITPOINT WARNING * * *
You block the centaur skeleton's attack.
The quokka bites you.
You die...

..### #..†..#..##.##....# #.#**
#.# #.....#..##.##.#.#####.###
#.# #.....#..##......##.......
..#***##..##.#..####...###.##.##.
#..,,.....##.#..# #.#.....##.##.
#.#*,#[#........# #...######....
*,**,#.......>(## ##### #.###
*,**,..##.##.#.######.##* #.#**
*,**,#.*#.*#.#.r@Z....$.* #..,,
*,,,,,,,.,*#.##.###.#...*** ###**
**,,,**#***..##.#**,*,,,,,*
,,,,,* *.###.#*,,,,,,,,* **,*,*
**#.**#.#*,,*,,_,,* **,*,*
*,,,,,#.#*,,*,,,,,* **,*,*
*,,,,,#..,,,,,,,,,* **,*,*
*,,,,,##.,,,,,***** **,*,*
*,,,,,**,,,,,**


You could see a quokka and a centaur skeleton.

Vanquished Creatures
  Grinder (D:3)
  An ogre (D:4)
  A centaur (D:3)
  3 big kobolds (Sewer)
  A centaur zombie (D:5)
  4 jellies (D:5)
  2 orc wizards (D:4)
  An iguana (D:5)
  Ijyb (D:3)
  A worker ant (D:4)
  A howler monkey skeleton (D:5)
  3 river rats (Sewer)
  8 adders
  3 oozes
  An adder skeleton (D:4)
  9 worms
  3 dart slugs
  5 leopard geckos
  5 orcs (D:4)
  7 giant cockroaches
  10 goblins
  8 hobgoblins
  2 jackals (D:3)
  2 ball pythons (Sewer)
  4 bats
  9 frilled lizards
  9 kobolds
  10 rats
  A fungus (D:3)
116 creatures vanquished.

Notes
Turn   | Place    | Note
-------+----------+-------------------------------------------
     0 | D:1      | Cykl0x the Gargoyle Fighter began the quest for the Orb.
     0 | D:1      | Reached XP level 1. HP: 14/14 MP: 1/1
    49 | D:1      | Reached XP level 2. HP: 15/19 MP: 2/2
   711 | D:1      | Reached XP level 3. HP: 23/23 MP: 3/3
  1106 | D:2      | Found a radiant altar of Vehumet.
  1252 | D:2      | Reached skill level 1 in Dodging
  1252 | D:2      | Reached XP level 4. HP: 20/28 MP: 4/4
  1327 | D:3      | Noticed Ijyb
  1347 | D:3      | Killed Ijyb
  1347 | D:3      | Reached skill level 4 in Shields
  1371 | D:3      | Noticed a centaur
  1381 | D:3      | Killed a centaur
  1381 | D:3      | Reached XP level 5. HP: 10/33 MP: 5/5
  1832 | D:3      | Noticed Grinder
  1844 | D:3      | Killed Grinder
  1844 | D:3      | Reached skill level 5 in Shields
  1844 | D:3      | Reached XP level 6. HP: 19/38 MP: 6/6
  1926 | D:3      | Found a sacrificial altar of Ru.
  2282 | D:4      | Reached XP level 7. HP: 42/43 MP: 7/7
  2324 | D:4      | Reached skill level 5 in Armour
  2979 | D:5      | Entered Level 5 of the Dungeon
  3137 | D:5      | Found a glowing drain.
  3154 | Sewer    | Entered a sewer
  3224 | Sewer    | Reached skill level 5 in Axes
  3536 | Sewer    | Reached XP level 8. HP: 48/48 MP: 8/8
  3625 | Sewer    | Reached skill level 6 in Shields
  3846 | D:5      | Noticed Eustachio
  3877 | D:5      | Slain by a quokka

Skill      XL: |  1  2  3  4  5  6  7  8 |
---------------+-------------------------+-----
Axes           | 2 3 4 5 |  5.6
Dodging        | 1 |  1.5
Shields        | 4 5 6 |  6.2
Fighting       | 4 |  4.9
Armour         | 4 5 |  5.4
Stealth        | |  0.6

Action                   |  1- 3 |  4- 6 |  7- 9 || total
-------------------------+-------+-------+-------++-------
Melee: War axe           |   148 |    94 |   326 ||   568
  Use: Scroll            |     4 |     2 |     4 ||    10
       Potion            |       |     1 |       ||     1
  Eat: Chunk             |     2 |     8 |     5 ||    15
Armor: Scale mail        |    38 |       |       ||    38
       Chain mail        |    60 |    50 |   199 ||   309
Dodge: Dodged            |    58 |    24 |    82 ||   164
Block: Shield            |   103 |    39 |   188 ||   330
